 Dungeon Crawl Stone Soup version 0.27-a0-1202-ge72e49191c (webtiles) character file.

Game seed: 13229241875340300814

18 Glokmah the Charlatan (level 2, 0/21 HPs)
             Began as a Demonspawn Artificer on June 4, 2021.
             Slain by an orc
             ... wielding a +0 spear
              (1 damage)
             ... on level 2 of the Dungeon.
             The game lasted 00:02:17 (1737 turns).

Glokmah the Charlatan (Demonspawn Artificer)        Turns: 1737, Time: 00:02:19

Health: 0/21       AC:  3    Str: 12    XL:     2   Next: 48%
Magic:  2/2        EV: 11    Int: 12    God:
Gold:   49         SH:  0    Dex: 13    Spells: 1/1 levels left

rFire    . . .     SeeInvis .   a - +0 whip
rCold    . . .     Faith    .   (no shield)
rNeg     . . .     Spirit   .   b - +0 leather armour
rPois    .         Reflect  .   (no helmet)
rElec    .         Harm     .   (no cloak)
rCorr    .         Rampage  .   (no gloves)
Will     .....                  (no boots)
Stlth    +.........             (no amulet)
HPRegen  0.07/turn              (no ring)
MPRegen  0.08/turn              (no ring)

@: no status effects
A: sturdy frame 1
a: no special abilities


You were on level 2 of the Dungeon.
You visited 1 branch of the dungeon, and saw 2 of its levels.

You collected 49 gold pieces.

Inventory:

Hand Weapons
 a - a +0 whip (weapon)
Missiles
 g - 27 stones
 i - 22 poisoned darts (quivered)
Armour
 b - a +0 leather armour (worn)
 j - a +0 buckler
Jewellery
 k - a ring of fire
Wands
 c - a wand of flame (12)
 d - a wand of charming (13)
Potions
 f - a potion of invisibility {unknown}
 h - a potion of lignification {unknown}
 l - a potion of ambrosia {unknown}
Miscellaneous
 e - a piece from Xom's chessboard (13/15)


   Skills:
 + Level 1.5 Fighting
 - Level 1.7 Armour
 - Level 0.8 Dodging
 - Level 0.8 Stealth
 * Level 0.4 Shields
 * Level 3.5 Evocations


You had one spell level left.
You didn't know any spells.
Your spell library was empty.

Dungeon Overview and Level Annotations

Branches:
Dungeon (2/15)

Altars:

Shops:
D:1 (


Innate Abilities, Weirdness & Mutations

Your movements are slightly less encumbered by armour. (ER -2)


Message History

The jackal struggles to resist.
The orc closely misses you. The jackal barely misses you.
The jackal bites you but does no damage.
Aiming: Charm
Press: ? - help, Shift-Dir - straight line, f/p - jackal
Aim: a jackal (chance to affect: 73%)
The jackal is charmed.
The jackal bites you.
The jackal bites your jackal but does no damage.
The jackal bites you.
The jackal bites your jackal but does no damage.
The jackal closely misses your jackal. The jackal bites your jackal.
The jackal bites your jackal but does no damage.
Your jackal barely misses the jackal.
The jackal closely misses your jackal. x2
Your jackal closely misses the jackal.
The jackal closely misses your jackal. The jackal barely misses your jackal.
The orc hits your jackal with a +0 spear.
Your jackal dies!
The orc throws a stone.
The stone closely misses you. The jackal closely misses you.
You hit the jackal.
You kill the jackal!
The jackal misses you.
Your piece from Xom's chessboard (14/15) has regained one charge.
You miss the jackal. The jackal closely misses you.
You barely miss the jackal. The jackal bites you. x2
You hit the jackal.
You kill the jackal!
The orc hits you from afar with a +0 spear.
* * * LOW HITPOINT WARNING * * *
You make a move on Xom's chessboard...
The orc seems to speed up.
The orc hits you from afar with a +0 spear.
* * * LOW HITPOINT WARNING * * *
Aiming: Throw Flame
Press: ? - help, Shift-Dir - straight line, f - orc
Aim: an orc, wielding a +0 spear and quivering stones (fast, 71% to hit)
The puff of flame hits the orc.
The orc is severely wounded.
The orc hits you from afar with a +0 spear.
You die...

##.######.####.#####.#
#.# #.....##.# #.# #.#
#.....##.# #.# ##.##
#........# #.# #...#
#.....#### #.# #.#.#
#.....### #.# #...#
#.<..(..# #.# ##.##
#.#####.# #<# #.# #.#
#@# #.# #.# #.# #†#
#.# #.# #.# #o# #.#
#.####.#####.######.#
#.#..........#......#
#........h####.######
#.#.##....# #.#
#......##.####.#
#.#.##.......#.#


You could see an orc (fast).

Vanquished Creatures
  An endoplasm (D:2)
  A giant cockroach (D:1)
  3 hobgoblins (D:1)
  3 jackals (D:2)
  2 kobolds
  2 quokkas
  2 bats
14 creatures vanquished.

Vanquished Creatures (others)
  A jackal (D:2)
1 creature vanquished.

Grand Total: 15 creatures vanquished

Notes
Turn   | Place    | Note
-------+----------+-------------------------------------------
     0 | D:1      | Glokmah the Demonspawn Artificer began the quest for the
                  | Orb.
     0 | D:1      | Reached XP level 1. HP: 15/15 MP: 1/1
   286 | D:1      | Found Meoruk's Antique Weapon Shoppe.
   549 | D:1      | Found a faded altar of an unknown god.
   839 | D:1      | Gained mutation: Your movements are slightly less
                  | encumbered by armour. (ER -2) [demonic ancestry]
   839 | D:1      | Reached XP level 2. HP: 17/21 MP: 2/2
  1736 | D:2      | HP: 1/21 [orc/+0 spear (4)]
  1737 | D:2      | Slain by an orc

Illustrated notes

Levels and vault maps discovered:
D:1:      roderic_crossed_star, layout_basic, serial_shops, shop,
          ebering_ecumenical_altar_abandoned, serial_glass, glass_columns_a,
          glass_columns_a
D:2:      layout_loops_cross

Action                   || total
-------------------------++-------
Melee: Club              ||    41
       Whip              ||    34
Throw: Dart              ||     1
Evoke: Wand              ||     5
       Piece from Xom's  ||     3
 Stab: Sleeping          ||     2
       Petrified         ||    16
Armor: Leather armour    ||    19
Dodge: Dodged            ||    58

Table legend: (Time is in decaauts)
 A = Elapsed time spent in this place.
 B = Non-inter-level travel time spent in this place.
 C = Inter-level travel time spent in this place.
 D = Time resting spent in this place.
 E = Time spent auto-exploring this place.
 F = Levels seen in this place.
 G = Mean time per level.
                   A        B        C        D        E       F      G
               +--------+--------+--------+--------+--------+-----+--------+
         Total |   1754 |   1548 |    206 |    363 |    922 |   2 |  877.0 |
       Dungeon |   1754 |   1548 |    206 |    363 |    922 |   2 |  877.0 |
               +--------+--------+--------+--------+--------+-----+--------+

Top non-repeatable levels by time:
     D:1: 1305 daAuts
     D:2: 448 daAuts
